 Dungeon Crawl Stone Soup version 0.21-a0-163-g3aa3f5d (webtiles) character file.

160 Moloch the Insei (level 5, -5/28 HPs)
             Began as a Vine Stalker Monk on Aug 5, 2017.
             Killed by nerve-wracking pain
             ... invoked by an orc priest
              (9 damage)
             ... on level 3 of the Dungeon.
             The game lasted 00:03:15 (1815 turns).

Moloch the Insei (Vine Stalker Monk)                Turns: 1815, Time: 00:03:16

Health: -5/28      AC:  5    Str: 13    XL:     5   Next: 41%
Magic:  0/6        EV: 11    Int: 10    God:
Gold:   83         SH:  0    Dex: 18    Spells: 4/4 levels left

rFire    . . .     SeeInvis .     - Unarmed
rCold    . . .     Gourm    .   (no shield)
rNeg     . . .     Faith    .   k - +0 ring mail
rPois    .         Spirit   +   (no helmet)
rElec    .         Reflect  .   (no cloak)
rCorr    .         Harm     .   (no gloves)
MR       .....                  (no boots)
Stlth    ++........             (no amulet)
HPRegen  0.49/turn              (no ring)
MPRegen  0.10/turn              (no ring)

@: no status effects
A: fangs 2, regeneration 1, magic shield, antimagic bite, no potion heal 3, rot
immunity
a: no special abilities


You were on level 3 of the Dungeon.
You were not hungry.

You visited 1 branch of the dungeon, and saw 3 of its levels.

You collected 83 gold pieces.

Inventory:

Armour
 k - a +0 ring mail (worn)
Scrolls
 d - a scroll of remove curse {unknown}
 e - a scroll of identify {unknown}
 g - 5 scrolls of teleportation {unknown}
 h - a scroll of magic mapping {unknown}
 p - a scroll of recharging {unknown}
Potions
 c - a potion of haste {unknown}
 f - a potion of ambrosia {unknown}
 i - 2 potions of curing {unknown}
 j - a potion of magic {unknown}
 l - a potion of heal wounds {unknown}
 n - a potion of mutation {unknown}
Comestibles
 a - a royal jelly
 b - a bread ration
 m - 10 fruits


   Skills:
 + Level 3.3 Fighting
 - Level 2.4 Dodging
 - Level 2.4 Stealth
 * Level 5.4 Unarmed Combat


You had 4 spell levels left.
You didn't know any spells.

Dungeon Overview and Level Annotations

Branches:
Dungeon (3/15)

Altars:


Innate Abilities, Weirdness & Mutations

You have extremely sharp teeth.
Your natural rate of healing is unusually fast.
When hurt, damage is shared between your health and your magic reserves.
Your bite disrupts and absorbs the magic of your enemies.
Potions cannot restore your health.
You are immune to rotting.


Message History

The orc priest hits you with a dagger.
* * * LOW HITPOINT WARNING * * *
You hit the orc priest but do no damage.
Your bite misses the orc priest.
The orc priest is almost dead.
The orc priest hits you but does no damage.
You hit the orc priest but do no damage.
Your bite misses the orc priest.
The orc priest is almost dead.
The orc priest mumbles some strange prayers to Beogh against you.
Pain shoots through your body!
* * * LOW HITPOINT WARNING * * *
You hit the orc priest but do no damage.
The orc priest is almost dead.
The orc priest closely misses you.
You closely miss the orc priest.
The orc priest is almost dead.
The orc priest calls down the wrath of Beogh upon you.
Pain shoots through your body!
You die...

#.# ## #. #.#.# ... #.
##### #.#.# #.##.#### #...#
#.#.#
#.......#######...####.#..
#.........................
#....................#.#..
#........###########.#.#..
#...)....@................
##....##o################.
.............!.............
###....##>.................
#.... ###..o..?#.........
#.... ......#.........
#.... .o.oo..#+######.
#.... ..... #. ..... #.


You could see an orc priest.

Vanquished Creatures
  An orc wizard (D:2)
  An orc priest (D:2)
  A bullfrog skeleton (D:2)
  4 adders (D:2)
  A worm (D:2)
  A leopard gecko (D:1)
  2 orcs (D:2)
  A ball python (D:1)
  6 bats
  3 goblins
  5 hobgoblins
  A frilled lizard (D:2)
  5 kobolds
  5 rats
37 creatures vanquished.

Notes
Turn   | Place    | Note
-------+----------+-------------------------------------------
     0 | D:1      | Moloch the Vine Stalker Monk began the quest for the Orb.
     0 | D:1      | Reached XP level 1. HP: 11/11 MP: 2/2
   311 | D:1      | Reached XP level 2. HP: 12/16 MP: 3/3
   719 | D:2      | Reached XP level 3. HP: 20/20 MP: 4/4
   865 | D:2      | Reached skill level 4 in Unarmed Combat
  1251 | D:2      | Gained mutation: Your natural rate of healing is unusually fast. [Vine Stalker growth]
  1251 | D:2      | Reached XP level 4. HP: 24/24 MP: 5/5
  1560 | D:2      | Reached skill level 5 in Unarmed Combat
  1560 | D:2      | Reached XP level 5. HP: 21/28 MP: 4/6
  1815 | D:3      | Killed from afar by an orc priest

Vault maps used:
D:1:      lightli_arrival_statue_moat, minmay_stone_trees_small
D:2:      dk_vineyard_1
D:3:      first_bread

Skill      XL: |  1  2  3  4 |
---------------+-------------+-----
Fighting       | 3 |  3.3
Unarmed Combat | 4 5 |  5.4
Dodging        | |  2.4
Stealth        | |  2.4

Action                   |  1- 3 |  4- 6 || total
-------------------------+-------+-------++-------
Melee: Unarmed           |    93 |    61 ||   154
       Bite              |    25 |    18 ||    43
       Punch             |     3 |       ||     3
 Stab: Sleeping          |     4 |     1 ||     5
  Eat: Chunk             |       |     3 ||     3
Armor: Leather armour    |    16 |       ||    16
       Robe              |     6 |       ||     6
       Ring mail         |    10 |    12 ||    22
Dodge: Dodged            |    53 |    14 ||    67
